 Dungeon Crawl Stone Soup version 0.31-a0-986-g5e6e4ef867 (webtiles) character file.

Game seed: 525093552038831521

93 timneilson the Ruffian (level 4, -8/29 HPs)
             Began as an Octopode Shapeshifter on Nov 12, 2023.
             Splashed by a jelly's acid (11 damage)
             ... on level 4 of the Dungeon.
             The game lasted 00:03:10 (2269 turns).

timneilson the Ruffian (Octopode Shapeshifter)      Turns: 2269, Time: 00:03:11

Health: -8/29      AC: -11   Str: 15    XL:     4   Next: 61%
Magic:  5/5        EV: 13    Int: 12    God:
Gold:   112        SH:  0    Dex: 11    Spells: 5/5 levels left

rFire   . .          .
                       - Unarmed
rCold   . . .        (no shield)
rNeg    . . .        (helmet currently unavailable)
rPois   .            j - amulet of the acrobat
rElec   .            (no ring)
rCorr   .            (no ring)
SInv    .            (no ring)
Will    .....        (no ring)
Stlth   +++          (no ring)
HPRegen 0.24/turn    (no ring)
MPRegen 0.09/turn    (no ring)
                     (no ring)

%: acrobat
@: beast-form, corroded
A: beast (slay +1), almost no armour, amphibious, 8 rings, camouflage 1,
gelatinous body 1, (nimble swimmer 1), tentacles
a: Begin Untransformation


You were on level 4 of the Dungeon.
You were a hulking beast.
You visited 1 branch of the dungeon, and saw 4 of its levels.

You collected 112 gold pieces.

Inventory:

Jewellery
 j - an amulet of the acrobat (around mantle)
Talismans
 b - a beast talisman
 c - a flux talisman
Scrolls
 l - a scroll of teleportation
 m - a scroll of fog
Potions
 a - 4 potions of lignification
 e - a potion of enlightenment
 h - a potion of ambrosia
 i - a potion of might
 k - a potion of curing
 n - a potion of attraction


   Skills:
 * Level 2.0 Fighting
 * Level 2.7 Dodging
 + Level 1.4 Stealth
 * Level 3.5 Unarmed Combat
 + Level 1.0 Spellcasting
 * Level 3.3 Shapeshifting


You had 5 spell levels left.
You didn't know any spells.
Your spell library contained the following spells:

 Spells                   Type           Power      Damage    Failure   Level
 Apportation              Tloc           0%         N/A       30%         1
 Necrotise                Necr           0%         1d4       30%         1
 Summon Small Mammal      Summ           0%         N/A       30%         1


Dungeon Overview and Level Annotations

Branches:
Dungeon (4/15)
 Temple: D:4-7

Altars:
Dithmenos
Hepliaklqana
Makhleb
Okawaru
Sif Muna
Trog


Innate Abilities, Weirdness & Mutations

You are a hulking beast.
Your limbs bulge with bestial killing power. (Slay +1)
You cannot wear most types of armour.
You are amphibious.
You can wear up to eight rings at the same time.
Your skin changes colour to match your surroundings (Stealth+).
Your rubbery body absorbs attacks. (AC +1, EV +1)
((You are camouflaged when in or above water. (Stealth+)))
You have tentacles for arms and can constrict up to eight enemies at once.


Message History

As you read the scroll labelled WABAWK RICE, it crumbles to dust.
You feel momentarily disoriented.
It was a scroll of revelation.
As you read the scroll of identify, it crumbles to dust.
i - a potion of might
As you read the scroll of identify, it crumbles to dust.
n - a potion of attraction
There is a stone staircase leading down here.
You climb downwards.
You hear the hiss of flowing sand.
There is an entrance to an ossuary on this level.
Hurry and find it before the portal is buried!
There is a stone staircase leading up here.
A jelly comes into view.
Found a scroll of blinking.
The jelly quivers.
The helpless giant cockroach fails to defend itself.
You tentacle-slap the giant cockroach. You grab the giant cockroach.
The giant cockroach is lightly wounded.
You constrict the giant cockroach, but do no damage.
The giant cockroach closely misses you.
You tentacle-slap the giant cockroach.
You kill the giant cockroach!
You tentacle-slap the jelly. The acid corrodes you!
Your tentacles burn!
You squeeze the jelly.
The jelly is moderately wounded.
The jelly misses you.
You tentacle-slap the jelly but do no damage.
The acid corrodes you!
Your tentacles burn!
You squeeze the jelly, but do no damage.
The jelly is moderately wounded.
The jelly hits you.
You are splashed with acid!
* * * LOW HITPOINT WARNING * * *
You tentacle-slap the jelly but do no damage.
The acid corrodes you!
Your tentacles burn!
* * * LOW HITPOINT WARNING * * *
You squeeze the jelly, but do no damage.
The jelly is moderately wounded.
The jelly hits you.
* * * LOW HITPOINT WARNING * * *
The acid corrodes you!
You are splashed with acid!
You die...

.... #≈≈.#
#≈≈..######
≈≈≈.......#
≈≈≈.......####
≈≈≈..........
.......†..#
#....Jh..#
#........#
#...?....#
......#..##
...#..#<.#
#............#
#.#......#####
. #.....##
....#.##


You could see a jelly.

Vanquished Creatures
  A gnoll (D:1)
  3 adders
  A shadow imp (D:3)
  A dart slug (D:1)
  7 bats
  An endoplasm (D:1)
  2 giant cockroaches
  6 goblins
  2 hobgoblins
  4 jackals (D:2)
  A quokka (D:1)
  4 ball pythons
  A frilled lizard (D:2)
  8 kobolds
  3 rats
45 creatures vanquished.

Notes
Turn   | Place    | Note
-------+----------+-------------------------------------------
     0 | D:1      | timneilson the Octopode Shapeshifter began the quest for
                  | the Orb.
     0 | D:1      | Reached XP level 1. HP: 13/13 MP: 1/1
    25 | D:1      | Reached XP level 2. HP: 2/18 MP: 2/2
   349 | D:1      | Reached skill level 1 in Stealth
   349 | D:1      | Reached XP level 3. HP: 23/23 MP: 3/3
  1448 | D:2      | Reached XP level 4. HP: 29/29 MP: 5/5
  2021 | D:3      | Found a shimmering blue altar of Sif Muna.
  2023 | D:3      | Found a hazy altar of Hepliaklqana.
  2024 | D:3      | Found a burning altar of Makhleb.
  2024 | D:3      | Found a bloodstained altar of Trog.
  2024 | D:3      | Found a shadowy altar of Dithmenos.
  2026 | D:3      | Found an iron altar of Okawaru.
  2032 | D:3      | Reached skill level 1 in Spellcasting
  2269 | D:4      | Splashed by a jelly's acid

Illustrated notes

Levels and vault maps discovered:
D:1:      minmay_arrival_three_doors, layout_loops_ring, grunt_decor_one_mirror
D:2:      layout_basic
D:3:      layout_loops_ring, grunt_temple_overflow_open
D:4:      layout_basic, dk_yredelemnul_ordeal,
          mainiacjoe_ossuary_entry_find_the_door, minivault_26,
          minmay_shop_damaged, nicolae_shop_distant_corner_stores,
          nicolae_tricolors

Skill      XL: |  1  2  3  4 |
---------------+-------------+-----
Stealth        | 1 |  1.4
Fighting       | 2 |  2.0
Spellcasting   | 1 |  1.0
Dodging        | |  2.7
Unarmed Combat | |  3.5
Shapeshifting  | |  3.3

Action                     |  1- 3 |  4- 6 || total
---------------------------+-------+-------++-------
  Melee: Unarmed           |    63 |    26 ||    89
         Constrict         |    19 |     5 ||    24
         Tentacles         |    12 |     5 ||    17
         Punch             |     1 |       ||     1
    Use: Scroll            |     4 |     9 ||    13
   Stab: Sleeping          |     7 |     3 ||    10
 Armour: Skin              |    24 |     8 ||    32
  Dodge: Dodged            |    41 |    15 ||    56

Table legend: (Time is in decaauts)
 A = Elapsed time spent in this place.
 B = Non-inter-level travel time spent in this place.
 C = Inter-level travel time spent in this place.
 D = Time resting spent in this place.
 E = Time spent auto-exploring this place.
 F = Levels seen in this place.
 G = Mean time per level.
                   A        B        C        D        E       F      G
               +--------+--------+--------+--------+--------+-----+--------+
         Total |   2262 |   2181 |     81 |     81 |   1720 |   4 |  565.5 |
       Dungeon |   2262 |   2181 |     81 |     81 |   1720 |   4 |  565.5 |
               +--------+--------+--------+--------+--------+-----+--------+

Top non-repeatable levels by time:
     D:2: 952 daAuts
     D:1: 738 daAuts
     D:3: 563 daAuts
     D:4: 8 daAuts
